 Dungeon Crawl Stone Soup version 0.30-b1-2-g02819fbbbe (webtiles) character file.

Game seed: 14675371809685594021

224 Metae the Covered (level 5, 0/48 HPs)
             Began as a Minotaur Fighter on June 19, 2023.
             Slain by a scorpion (4 damage)
             ... on level 4 of the Dungeon.
             The game lasted 00:04:53 (2565 turns).

Metae the Covered (Minotaur Fighter)                Turns: 2565, Time: 00:04:53

Health: 0/48       AC:  8    Str: 22    XL:     5   Next: 67%
Magic:  4/4        EV: 10    Int:  5    God:
Gold:   121        SH:  5    Dex: 10    Spells: 4/4 levels left

rFire   + . .        a - +0 flail
rCold   . . .        c - +0 buckler
rNeg    . . .        d - +2 ring mail {rF+}
rPois   .            (helmet restricted)
rElec   .            (no cloak)
rCorr   .            (no gloves)
SInv    .            (no boots)
Will    .....        p - amulet of faith Stlth
                     (no ring)
HPRegen 0.28/turn    (no ring)
MPRegen 0.09/turn

%: faith
@: no status effects
A: horns 2, retaliatory headbutt
a: no special abilities


You were on level 4 of the Dungeon.
You visited 1 branch of the dungeon, and saw 4 of its levels.

You collected 121 gold pieces.

Inventory:

Hand Weapons
 a - a +0 flail (weapon)
 o - a +1 dagger of electrocution
Missiles
 g - 10 poisoned darts (quivered)
 h - 25 stones
Armour
 b - a +0 scale mail
 c - a +0 buckler (worn)
 d - a +2 ring mail of fire resistance (worn)
Jewellery
 p - an amulet of faith (around neck)
Wands
 t - a wand of paralysis (1)
Scrolls
 f - a scroll of poison
 k - a scroll of teleportation {unknown}
 l - 2 scrolls of identify
 n - 2 scrolls of noise {unknown}
 r - 2 scrolls of blinking {unknown}
 s - a scroll of enchant armour {unknown}
Potions
 e - 2 potions of lignification {unknown}
 i - 2 potions of degeneration {unknown}
 j - a potion of invisibility {unknown}
 m - 2 potions of curing {unknown}
 q - a potion of haste {unknown}


   Skills:
 + Level 5.0 Fighting
 + Level 4.1 Maces & Flails
 + Level 5.0 Armour
 + Level 4.9 Shields
 + Level 0.0 Evocations


You had 4 spell levels left.
You didn't know any spells.
Your spell library contained the following spells:

 Spells                   Type           Power      Damage    Failure   Level
 Magic Dart               Conj           0%         1d3       69%         1
 Call Imp                 Summ           0%         N/A       83%         2
 Ensorcelled Hibernation  Hex/Ice        0%         N/A       83%         2
 Passwall                 Tmut/Erth      0%         N/A       83%         2
 Mephitic Cloud           Conj/Pois/Air  0%         N/A       96%         3
 Swiftness                Air            0%         N/A       96%         3


Dungeon Overview and Level Annotations

Branches:
Dungeon (4/15)
 Temple: D:4-7

Altars:
Qazlal

Annotations:
D:4 Grinder


Innate Abilities, Weirdness & Mutations

You have a pair of horns on your head.
You reflexively headbutt those who attack you in melee.


Message History

You can move again.
Unknown command.
You closely miss Grinder. The adder closely misses you. Grinder hits you.
* * * LOW HITPOINT WARNING * * *
You writhe in agony.
* * * LOW HITPOINT WARNING * * *
The adder bites you but does no damage.
Grinder blinks!
The adder bites you but does no damage. Grinder attacks as you move away!
Grinder hits you but does no damage. Grinder attacks as you move away!
Grinder hits you.
* * * LOW HITPOINT WARNING * * *
You writhe in agony.
* * * LOW HITPOINT WARNING * * *
Grinder blinks!
The adder bites you.
* * * LOW HITPOINT WARNING * * *
Okay, then.
As you read the scroll labelled ONOARIFUISM, it crumbles to dust.
It is a scroll of identify.
f - 2 scrolls of poison The adder bites you but does no damage.
Grinder grins, showing sharp teeth.
Really read the scroll of poison?
Okay, then.
The air fills with toxic fumes!
As you read the scroll of poison, it crumbles to dust.
The scorpion stings you but does no damage.
The adder barely misses you. You furiously retaliate!
You headbutt the adder. The scorpion closely misses you.
You barely miss the adder.
The adder is heavily wounded.
The adder bites you but does no damage.
Grinder blinks!
The scorpion stings you but does no damage.
The adder bites you.
* * * LOW HITPOINT WARNING * * *
You barely miss the adder. Your headbutt misses the adder.
The adder is heavily wounded.
The adder barely misses you. You furiously retaliate!
You headbutt the adder!
You kill the adder!
The scorpion stings you.
You die...

#.##.# ####..§§#
#....##§##
#.#...§§§#
.....##§§# ....
#§§# ... #§.# #.
#§5# # #§@# #s†#
##.
#§§######.....
#§§§..........
#.§§§§.......###
#§##§#######.#
#§ #§# # # #§#
#..


You could see Grinder and a scorpion.

Vanquished Creatures
  Jessica (D:2)
  Ijyb (D:3)
  Natasha (thrice) (D:2)
  4 adders
  3 worms (D:2)
  2 dart slugs
  5 ball pythons
  6 endoplasms
  A giant cockroach (D:4)
  3 hobgoblins
  5 jackals
  4 quokkas
  4 bats
  2 frilled lizards (D:1)
  6 goblins
  9 kobolds
  4 rats
63 creatures vanquished.

Vanquished Creatures (others)
  27 plants (D:2)
27 creatures vanquished.

Grand Total: 90 creatures vanquished

Notes
Turn   | Place    | Note
-------+----------+-------------------------------------------
     0 | D:1      | Metae the Minotaur Fighter began the quest for the Orb.
     0 | D:1      | Reached XP level 1. HP: 19/19 MP: 0/0
   180 | D:1      | Reached XP level 2. HP: 27/27 MP: 1/1
   723 | D:2      | Noticed Natasha
   737 | D:2      | Killed Natasha
   738 | D:2      | Reached XP level 3. HP: 7/33 MP: 2/2
   949 | D:2      | Noticed Jessica
   954 | D:2      | Killed Jessica
   955 | D:2      | Reached XP level 4. HP: 41/41 MP: 3/3
   985 | D:2      | Noticed Natasha
   998 | D:2      | Killed Natasha
  1007 | D:2      | Noticed Natasha
  1101 | D:2      | Killed Natasha
  1176 | D:2      | Reached XP level 5. HP: 41/47 MP: 4/4
  1575 | D:2      | Found a faded altar of an unknown god.
  2398 | D:3      | Noticed Ijyb
  2403 | D:3      | Paralysed by Ijyb for 4 turns
  2413 | D:3      | Killed Ijyb
  2414 | D:3      | Reached skill level 5 in Armour
  2525 | D:4      | Found a stormy altar of Qazlal.
  2526 | D:4      | Reached skill level 5 in Fighting
  2548 | D:4      | Noticed Grinder
  2553 | D:4      | Paralysed by Grinder for 2 turns
  2565 | D:4      | Slain by a scorpion

Illustrated notes

Levels and vault maps discovered:
D:1:      minmay_arrival_four_circles, layout_basic
D:2:      layout_loops_ring, hellmonk_ecumenical_altar_heavens_door,
          serial_bayou, serial_bayou_lagoon_a, serial_bayou_pond_b,
          serial_bayou_pond_d, serial_bayou_crossing, minmay_misc_feat_tower,
          uniq_jessica, uniq_natasha
D:3:      layout_basic, minmay_misc_feat_columns, kennysheep_generic_room_8,
          uniq_ijyb
D:4:      layout_loops_ring, nicolae_overflow_hidden_temple, uniq_grinder,
          uniq_duvessa, uniq_crazy_yiuf_cottage

Skill      XL: |  1  2  3  4  5 |
---------------+----------------+-----
Fighting       | 4 5 |  5.0
Maces & Flails | 3 4 |  4.1
Armour         | 4 5 |  5.0
Shields        | 4 |  4.9

Action                     |  1- 3 |  4- 6 || total
---------------------------+-------+-------++-------
  Melee: Flail             |    54 |   109 ||   163
         Headbutt          |     4 |    19 ||    23
    Use: Potion            |     1 |       ||     1
         Scroll            |       |     2 ||     2
 Armour: Scale mail        |    33 |       ||    33
         Ring mail         |    14 |    52 ||    66
  Dodge: Dodged            |    27 |    62 ||    89
  Block: Buckler           |    12 |    13 ||    25
